 Dungeon Crawl Stone Soup version 0.17.0-7-gfadd4cc (webtiles) character file.

33850 Helmschank the Bludgeoner (level 13, 0/140 HPs)
             Began as an Ogre Wanderer on Nov 9, 2015.
             Was a High Priest of Okawaru.
             Slain by a spiny frog (21 damage)
             ... on level 5 of the Lair of Beasts.
             The game lasted 01:49:23 (21993 turns).

Helmschank the Bludgeoner (Ogre Wanderer)          Turns: 21993, Time: 01:49:23

Health: 0/140      AC:  7    Str: 24    XL:     13   Next: 73%
Magic:  13/13      EV: 18    Int: 10    God:    Okawaru [*****.]
Gold:   468        SH:  0    Dex: 13    Spells: 0 memorised, 12 levels left

rFire  + . .     SeeInvis +     w - +7 giant spiked club
rCold  + + .     Clarity  .     K - +2 robe {rC+}
rNeg   . . .     SustAt   .     (shield currently unavailable)
rPois  +         Gourm    .     (helmet restricted)
rElec  +         Spirit   .     E - +1 cloak {MR+}
rCorr  +         Warding  .     (gloves unavailable)
rMut   .         Stasis   .     (boots unavailable)
MR     ++...                    (no amulet)
Stlth  +++.......               C - ring of see invisible
                                M - +3 ring of dexterity

@: resistant, heroism, very slightly contaminated, very resistant to hostile
enchantments, fairly stealthy
A: unfitting armour, tough skin 1
a: Heroism, Finesse, Renounce Religion


You were on level 5 of the Lair of Beasts.
You worshipped Okawaru.
Okawaru was extremely pleased with you.
You were not hungry.

You visited 3 branches of the dungeon, and saw 16 of its levels.

You collected 759 gold pieces.
You spent 291 gold pieces at shops.

Inventory:

Hand Weapons
 e - a +0 blowgun
 q - the +12 morningstar "Anuac" {speed, rF+ Dex+3}
   (Okawaru gifted it to you on level 4 of the Lair of Beasts)

   Attacks with this weapon are significantly faster.
   It affects your dexterity (+3).
   It protects you from fire.
 w - a +7 giant spiked club (weapon)
Missiles
 m - 6 silver tomahawks
 N - 8 curare-tipped needles
 O - 2 large rocks (quivered)
 R - 4 javelins
 T - a silver javelin
 U - 328 stones
Armour
 E - a +1 cloak of magic resistance (worn)
 H - a +2 robe of magic resistance
 K - a +2 robe of cold resistance (worn)
 W - a +2 large shield of reflection
Jewellery
 h - an uncursed ring of flight
 y - an uncursed ring of protection from cold
 A - an uncursed ring of protection from cold
 C - a ring of see invisible (right hand)
 M - a +3 ring of dexterity (left hand)
Wands
 k - a wand of polymorph (5)
 v - a wand of cold (3)
 B - a wand of fire (5)
 D - a wand of digging (12)
 I - a wand of disintegration (12)
 L - a wand of cold (5)
Scrolls
 f - 3 scrolls of recharging
 i - 4 scrolls of fog
 p - 6 scrolls of teleportation
 G - 4 scrolls of remove curse
 J - 2 scrolls of blinking
 Q - 3 scrolls of fear
Potions
 b - 3 potions of lignification
 c - a potion of heal wounds {unknown}
 o - a potion of invisibility
 r - a potion of haste
 s - 2 potions of cancellation
 t - 6 potions of flight
 u - a potion of brilliance {unknown}
 x - a potion of ambrosia {unknown}
 z - 4 potions of might
 F - a potion of degeneration {unknown}
 P - a potion of agility {unknown}
Books
 g - an Akashic Record

   Spells                             Type                      Level
   a - Dispersal                      Translocation                6
   b - Malign Gateway                 Summoning/Translocation      7
   c - Disjunction                    Translocation                8
   d - Controlled Blink               Translocation                8
Comestibles
 d - 19 bread rations
 j - 8 beef jerkies
 l - 7 meat rations
 S - 18 fruits
 V - a chunk of flesh


   Skills:
 + Level 12.0(17.0) Fighting
 * Level 20.0(25.0) Maces & Flails
   Level 2.0(7.0) Polearms
 - Level 8.0(13.0) Throwing
 - Level 10.0(15.0) Dodging
 - Level 1.0(6.0) Stealth
 - Level 1.0 Evocations


You had 12 spell levels left.
You didn't know any spells.

Dungeon Overview and Level Annotations

Branches:
Dungeon (9/15)             Temple (1/1) D:7            Lair (6/8) D:9
 Shoals (0/4) Lair:5       Spider (0/4) Lair:5
  Slime: Lair:6-8       Orc: D:9-12

Altars:
Ashenzari
Cheibriados
Dithmenos
Elyvilon
Fedhas
Gozag
Kikubaaqudgha
Makhleb
Nemelex Xobeh
Okawaru
Qazlal
Ru
Sif Muna
Trog
Vehumet
Xom
Yredelemnul
Zin
The Shining One

Shops:
D:4 ?   D:5 :   D:9 ?

Annotations:
D:3 gw's ghost, amateur DsFi


Innate Abilities, Weirdness & Mutations

You are too large for most types of armour.
You have tough skin (AC +1).


Message History

Okawaru accepts your kill.
You closely miss the water moccasin. The water moccasin closely misses you.
You barely miss the water moccasin. The water moccasin closely misses you.
You hit the water moccasin.
The water moccasin is lightly wounded.
The water moccasin closely misses you.
You impale the water moccasin!!
The water moccasin is almost dead.
The spiny frog misses you. The water moccasin closely misses you.
You closely miss the water moccasin.
The water moccasin is almost dead.
The spiny frog stings you.
* * * LOW HITPOINT WARNING * * *
The water moccasin bites you.
* * * LOW HITPOINT WARNING * * *
You spit the water moccasin like a pig!!!
You kill the water moccasin!
Okawaru accepts your kill. The spiny frog stings you!!
You die...

###............#.# ##.#.#.#....#
####.........#.### ####...#.###
.##.........#### ##.F..###
.##P.......## ###....##
.##...÷....# ######.#.....#
.###..÷...######P#..........# ##
#....#####..............## ##
#....#.##...............#
.###....#.......@†.........# ##
.................F.#.#.....# ##.
.....#..........##..#.....#####.#
.##.##.#.....#.#..#........#.###.
P######.##....#.......###.....##.
## #.##............## ###....#P #
#####............# ##.#...
##...........### #.##..
#.#............# #####.


You could see a spiny frog.

Vanquished Creatures
  Josephine (Lair:4)
  Fannar (Lair:1)
  5 hydras
  A catoblepas (Lair:4)
  Erolcha (D:9)
  Sonja (Lair:4)
  Maurice (D:8)
  15 elephants (Lair:3)
  3 black mambas
  Psyche (D:8)
  A gargoyle (D:9)
  8 spiny frogs
  4 komodo dragons
  9 blink frogs
  A polar bear (Lair:1)
  16 yaks
  A basilisk (Lair:2)
  A wyvern (D:9)
  Eustachio (D:5)
  4 wraiths (Lair:4)
  Grum (D:8)
  A hungry ghost (D:9)
  10 hippogriffs
  A steam dragon (D:9)
  9 wolves
  10 water moccasins
  12 porcupines
  2 ice beasts (D:7)
  A sky beast (D:9)
  7 spiders (Lair:5)
  3 black bears
  2 ogres
  A phantom (D:7)
  4 centaurs
  15 crocodiles
  The ghost of Ace the Conjurer, an amateur DECj of Vehumet (D:4)
  14 giant frogs
  A scorpion (D:8)
  4 killer bees (D:8)
  A vampire bat (D:3)
  9 wights
  2 quasits
  2 electric eels
  8 crimson imps
  6 hounds
  A centaur skeleton (D:8)
  A centaur zombie (D:9)
  6 orc wizards
  A jelly (D:6)
  A wasp zombie (D:9)
  4 orc priests
  14 iguanas
  12 worker ants
  4 sheep (Lair:4)
  A hound zombie (D:7)
  8 adders
  8 gnolls
  50 river rats
  6 shadow imps
  4 oozes
  An adder zombie (D:8)
  2 worms
  7 giant geckos
  28 orcs
  8 giant cockroaches
  3 goblins (D:1)
  8 hobgoblins
  5 quokkas
  A ball python (D:6)
  13 bats
  A giant gecko zombie (D:9)
  10 giant newts
  16 jackals
  7 kobolds
  10 rats
  2 fungi
  A plant (Lair:3)
447 creatures vanquished.

Vanquished Creatures (others)
  A quokka (D:7)
  9 fungi
  A plant (Lair:4)
11 creatures vanquished.

Grand Total: 458 creatures vanquished

Notes
Turn   | Place    | Note
--------------------------------------------------------------
     0 | D:1      | Helmschank the Ogre Wanderer began the quest for the Orb.
     0 | D:1      | Helmschank set off with: a +2 robe, a potion of lignification, a +0 spear, a bread ration
     0 | D:1      | Reached XP level 1. HP: 27/27 MP: 1/1
   186 | D:1      | Reached XP level 2. HP: 35/35 MP: 2/2
   345 | D:1      | Reached skill level 1 in Maces & Flails
   785 | D:1      | Reached XP level 3. HP: 41/44 MP: 3/3
  1580 | D:2      | Reached XP level 4. HP: 28/52 MP: 4/4
  1811 | D:2      | HP: 2/52 [gnoll/spear (4)]
  2693 | D:2      | Reached XP level 5. HP: 55/59 MP: 5/5
  3051 | D:3      | Noticed gw's ghost (amateur DsFi)
  3491 | D:3      | Found a radiant altar of Vehumet.
  3511 | D:3      | Found a deep blue altar of Sif Muna.
  3523 | D:3      | Found a sparkling altar of Nemelex Xobeh.
  3543 | D:3      | Found a snail-covered altar of Cheibriados.
  3625 | D:3      | Reached skill level 5 in Maces & Flails
  3744 | D:3      | Reached XP level 6. HP: 62/67 MP: 6/6
  3871 | D:3      | Found a shadowy altar of Dithmenos.
  3895 | D:3      | Reached skill level 1 in Throwing
  4321 | D:4      | Reached skill level 6 in Maces & Flails
  4421 | D:4      | Noticed Ace's ghost (amateur DECj)
  4433 | D:4      | Killed Ace's ghost
  4433 | D:4      | Reached XP level 7. HP: 59/74 MP: 7/7
  4498 | D:4      | Found Fiaral's Magic Scroll Boutique.
  4523 | D:4      | Bought a scroll of identify for 20 gold pieces
  4523 | D:4      | Bought a scroll of identify for 20 gold pieces
  4523 | D:4      | Bought a scroll of enchant weapon for 75 gold pieces
  4523 | D:4      | Bought a scroll of identify for 20 gold pieces
  4799 | D:4      | Found a burning altar of Makhleb.
  4978 | D:5      | Entered Level 5 of the Dungeon
  4984 | D:5      | Found Tuosuys's Book Shoppe.
  5170 | D:4      | Reached skill level 7 in Maces & Flails
  6011 | D:5      | Noticed Eustachio
  6029 | D:5      | Killed Eustachio
  6029 | D:5      | Reached skill level 8 in Maces & Flails
  6029 | D:5      | Reached XP level 8. HP: 67/83 MP: 8/8
  6518 | D:6      | Got a smoking quarterstaff
  6597 | D:6      | Reached skill level 9 in Maces & Flails
  7520 | D:6      | Reached skill level 5 in Dodging
  7559 | D:6      | Found an opulent altar of Gozag.
  8324 | D:7      | Reached skill level 10 in Maces & Flails
  8674 | D:7      | Reached XP level 9. HP: 36/92 MP: 9/9
  8870 | D:7      | Found a glowing golden altar of the Shining One.
  8886 | D:7      | Found a white marble altar of Elyvilon.
  9717 | D:7      | Reached skill level 11 in Maces & Flails
 10106 | D:7      | Found a staircase to the Ecumenical Temple.
 10816 | D:8      | Noticed Psyche
 10818 | D:8      | Killed Psyche
 10818 | D:8      | Reached skill level 12 in Maces & Flails
 10854 | D:8      | Noticed Grum
 11076 | D:7      | Reached XP level 10. HP: 69/104 MP: 10/10
 11361 | D:8      | Found an ancient bone altar of Kikubaaqudgha.
 11362 | D:8      | Found a shattered altar of Ashenzari.
 11401 | D:8      | Killed Grum
 11480 | D:8      | Noticed Maurice
 11492 | D:8      | Killed Maurice
 11492 | D:8      | Reached skill level 13 in Maces & Flails
 12414 | Temple   | Entered the Ecumenical Temple
 12484 | Temple   | Became a worshipper of Warmaster Okawaru
 12783 | D:9      | Found Nurph's Magic Scroll Shoppe.
 12818 | D:9      | Bought a scroll of enchant weapon for 90 gold pieces
 12818 | D:9      | Bought a scroll of fear for 42 gold pieces
 12818 | D:9      | Bought a scroll of identify for 24 gold pieces
 13045 | D:9      | Found a basalt altar of Yredelemnul.
 13511 | D:9      | Reached skill level 14 in Maces & Flails
 13581 | D:9      | Reached * piety under Okawaru
 13734 | D:9      | Noticed Erolcha
 13754 | D:9      | Killed Erolcha
 13754 | D:9      | Reached skill level 5 in Throwing
 13754 | D:9      | Reached XP level 11. HP: 50/115 MP: 11/11
 13980 | D:9      | Found a staircase to the Lair.
 14076 | Lair:1   | Entered Level 1 of the Lair of Beasts
 14159 | Lair:1   | Identified 2 scrolls of acquirement
 14265 | Lair:1   | Reached ** piety under Okawaru
 14265 | Lair:1   | Reached skill level 10 in Fighting
 14456 | Lair:1   | Noticed Fannar
 14474 | Lair:1   | Killed Fannar
 14474 | Lair:1   | Reached skill level 15 in Maces & Flails
 14867 | Lair:1   | Got a wizard robe
 14878 | Lair:1   | Identified the cursed +1 robe of Diheit {Str+2} (You found it on level 1 of the Lair of Beasts)
 14927 | Lair:1   | Reached *** piety under Okawaru
 15651 | Lair:2   | Reached **** piety under Okawaru
 16003 | Lair:2   | Reached skill level 16 in Maces & Flails
 16014 | Lair:2   | Reached XP level 12. HP: 79/126 MP: 12/12
 16443 | Lair:2   | Reached ***** piety under Okawaru
 17072 | Lair:3   | Noticed a seven-headed hydra
 17079 | Lair:3   | Killed a seven-headed hydra
 17086 | Lair:3   | Received a gift from Okawaru
 17194 | Lair:3   | Reached skill level 17 in Maces & Flails
 17287 | Lair:3   | Received a gift from Okawaru
 17831 | Lair:3   | Reached skill level 18 in Maces & Flails
 17831 | Lair:3   | Reached skill level 10 in Dodging
 18137 | Lair:3   | Found an ancient bone altar of Kikubaaqudgha.
 18543 | Lair:4   | Noticed Sonja
 18604 | Lair:4   | Killed Sonja
 18604 | Lair:4   | Reached XP level 13. HP: 133/133 MP: 13/13
 19065 | Lair:4   | Noticed a catoblepas
 19239 | Lair:4   | Received a gift from Okawaru
 19415 | Lair:4   | Killed a catoblepas
 19546 | Lair:4   | Reached ****** piety under Okawaru
 19651 | Lair:4   | Reached skill level 19 in Maces & Flails
 19821 | Lair:4   | Noticed Josephine
 19833 | Lair:4   | Killed Josephine
 19833 | Lair:4   | Received a gift from Okawaru
 19850 | Lair:4   | Got a translucent morningstar {god gift}
 19851 | Lair:4   | Identified the +12 morningstar "Anuac" {speed, rF+ Dex+3} (Okawaru gifted it to you on level 4 of the Lair of Beasts)
 20154 | Lair:4   | Noticed a six-headed hydra
 20155 | Lair:4   | Killed a six-headed hydra
 20231 | Lair:4   | Noticed a four-headed hydra
 20235 | Lair:4   | Killed a four-headed hydra
 20785 | Lair:5   | Found a staircase to the Shoals.
 21383 | Lair:5   | Found a hole to the Spider Nest.
 21740 | Lair:5   | Received a gift from Okawaru
 21928 | Lair:5   | Reached skill level 20 in Maces & Flails
 21993 | Lair:5   | Slain by a spiny frog

Action                   |  1- 3 |  4- 6 |  7- 9 | 10-12 | 13-15 || total
-------------------------+-------+-------+-------+-------+-------++-------
Melee: Spear             |    21 |       |       |       |       ||    21
       Club              |   139 |    39 |       |       |       ||   178
       Flail             |       |   164 |   315 |       |       ||   479
       Giant club        |       |       |    65 |   130 |       ||   195
       Giant spiked club |       |       |       |   262 |   178 ||   440
       Great mace        |       |       |       |    12 |       ||    12
Throw: Stone             |     2 |     2 |       |    50 |       ||    54
       Javelin           |     6 |    19 |    46 |   111 |     8 ||   190
       Large rock        |       |       |       |    42 |    19 ||    61
       Tomahawk          |       |       |       |       |    10 ||    10
Invok: Heroism           |       |       |       |       |     1 ||     1
  Use: Scroll            |       |       |    16 |    12 |     3 ||    31
       Potion            |       |       |     1 |     1 |     3 ||     5
 Stab: Sleeping          |     3 |     2 |     2 |     3 |     1 ||    11
       Distracted        |       |       |       |       |     1 ||     1
  Eat: Chunk             |     2 |    10 |    19 |    18 |     9 ||    58
       Royal jelly       |       |       |     1 |       |     1 ||     2
       Meat ration       |       |       |       |     1 |       ||     1
       Beef jerky        |       |       |       |     1 |       ||     1
